 Dungeon Crawl Stone Soup version 0.24.0-13-gcf9b319 (webtiles) character file.

Game seed: 8132369107372297822, levelgen mode: deterministic

32 Fang the Skirmisher (level 3, 0/23 HPs)
             Began as a Gargoyle Berserker on Nov 24, 2019.
             Was a Believer of Trog.
             Slain by a jackal (3 damage)
             ... on level 1 of the Dungeon.
             The game lasted 00:00:46 (671 turns).

Fang the Skirmisher (Gargoyle Berserker)             Turns: 671, Time: 00:00:46

Health: 0/23       AC:  5    Str: 21    XL:     3   Next: 27%
Magic:  3/3        EV: 11    Int:  7    God:    Trog [**....]
Gold:   23         SH:  5    Dex:  9    Spells: 2/2 levels left

rFire    . . .     SeeInvis .   a - +0 hand axe
rCold    . . .     Gourm    .   d - +2 buckler
rNeg     + . .     Faith    .   b - +0 animal skin
rPois    ∞         Spirit   .   (no helmet)
rElec    +         Reflect  .   (no cloak)
rCorr    .         Harm     .   (no gloves)
MR       .....                  (no boots)
Stlth    +.........             (no amulet)
HPRegen  0.07/turn              (no ring)
MPRegen  0.08/turn              (no ring)

@: no status effects
A: negative energy resistance 1, electricity resistance, unbreathing,
petrification resistance, rot immunity, AC +3
a: Berserk, Trog's Hand, Renounce Religion


You were on level 1 of the Dungeon.
You worshipped Trog.
Trog was pleased with you.
You were not hungry.

You visited 1 branch of the dungeon, and saw 1 of its levels.

You collected 23 gold pieces.

Inventory:

Hand Weapons
 a - a +0 hand axe (weapon)
Armour
 b - a +0 animal skin (worn)
 d - a +2 buckler (worn)
Scrolls
 e - a scroll of teleportation {unknown}
 g - a scroll of fog {unknown}
 h - a scroll of identify {unknown}
 i - a scroll of enchant weapon {unknown}
Comestibles
 c - a ration
 f - 7 chunks of flesh


   Skills:
 + Level 3.6 Fighting
 + Level 3.0 Axes
 + Level 2.7 Armour
 + Level 1.9 Dodging
 + Level 0.9 Shields


You had 2 spell levels left.
You didn't know any spells.
Your spell library was empty.

Dungeon Overview and Level Annotations

Branches:
Dungeon (1/15)

Altars:


Innate Abilities, Weirdness & Mutations

You are resistant to torment.
Your stone body is resilient. (AC +3)
You are immune to poison.
You resist negative energy. (rN+)
You are resistant to electric shocks. (rElec)
You can survive without breathing.
You are immune to petrification.
You are immune to rotting.


Message History

You block the jackal's attack.
You barely miss the jackal. The bat hits you but does no damage.
The jackal bites you but does no damage.
The jackal closely misses you.
You closely miss the jackal. The bat barely misses you.
You block the bat's attack.
The jackal bites you but does no damage.
The jackal bites you.
* * * LOW HITPOINT WARNING * * *
You miss the bat. You closely miss the jackal. The bat closely misses you.
The jackal closely misses you.
You hit the bat.
You kill the bat!
Trog accepts your kill.
You closely miss the jackal.
The jackal bites you but does no damage.
The jackal misses you.
You barely miss the jackal. You block the jackal's attack.
You barely miss the jackal. The jackal bites you.
You die...

.####......#
....#......#
####
........$..+
....
...........###
####
#...........# #
...........+ .
#.h††....# #
#@# #.# #.#
###.# ♣♣ #####
#...# ♣♣. #...#
#.####### ♣♣.♣
#...# #.......#
♣♣.♣♣ #...#
#.......# ♣.♣♣.
#...###.......#
♣.♣.♣


You could see a jackal.

Vanquished Creatures
  2 dart slugs (D:1)
  2 goblins (D:1)
  8 hobgoblins (D:1)
  2 jackals (D:1)
  5 bats (D:1)
  A frilled lizard (D:1)
  2 kobolds (D:1)
  6 rats (D:1)
28 creatures vanquished.

Notes
Turn   | Place    | Note
-------+----------+-------------------------------------------
     0 | D:1      | Fang the Gargoyle Berserker began the quest for the Orb.
     0 | D:1      | Reached XP level 1. HP: 14/14 MP: 1/1
   279 | D:1      | Reached XP level 2. HP: 13/19 MP: 2/2
   623 | D:1      | Reached XP level 3. HP: 19/23 MP: 3/3
   652 | D:1      | Reached ** piety under Trog
   671 | D:1      | Slain by a jackal

Levels and vault maps discovered:
D:1:      nagdon_arrival_double_spiral, layout_basic

Skill      XL: |  1  2  3 |
---------------+----------+-----
Axes           | 3 |  3.0
Fighting       | |  3.6
Armour         | |  2.7
Dodging        | |  1.9
Shields        | |  0.9

Action                   || total
-------------------------++-------
Melee: Hand axe          ||    85
Invok: Berserk           ||     1
Armor: Animal skin       ||    58
Dodge: Dodged            ||    84
Block: Buckler           ||    31
